 Dungeon Crawl Stone Soup version 0.30-a0-1116-gebefce21f7 (webtiles) character file.

Game seed: 6383600331928133255

22 Arzdou the Digger (level 2, -3/17 HPs)
             Began as an Octopode Earth Elementalist on Apr 21, 2023.
             Slain by Terence
             ... wielding a +0 falchion
              (7 damage)
             ... on level 1 of the Dungeon.
             The game lasted 00:02:13 (640 turns).

Arzdou the Digger (Octopode Earth Elementalist)      Turns: 640, Time: 00:02:14

Health: -3/17      AC:  1    Str:  7    XL:     2   Next: 91%
Magic:  5/5        EV: 13    Int: 17    God:
Gold:   30         SH:  0    Dex: 12    Spells: 4/5 levels left

rFire   . . .      SeeInvis .    e - +0 short sword
rCold   . . .      Faith    .    (no shield)
rNeg    . . .      Spirit   .    (helmet restricted)
rPois   .          Reflect  .    h - amulet of magic regeneration
rElec   .          Rampage  .    (no ring)
rCorr   .                        (no ring)
Will    .....                    (no ring)
Stlth   ++                       (no ring)
HPRegen 0.22/turn                (no ring)
MPRegen 0.49/turn                (no ring)
                                 (no ring)
                                 (no ring)

@: silenced
A: almost no armour, amphibious, 8 rings, camouflage 1, gelatinous body 1,
(nimble swimmer 1), tentacles
a: no special abilities


You were on level 1 of the Dungeon.
You visited 1 branch of the dungeon, and saw 2 of its levels.

You collected 30 gold pieces.

Inventory:

Hand Weapons
 e - a +0 short sword (weapon)
Jewellery
 h - an amulet of magic regeneration (around mantle)
Scrolls
 b - a scroll of teleportation {unknown}
 c - a scroll of enchant armour {unknown}
 d - a scroll of magic mapping {unknown}
 i - a scroll of identify {unknown}
Potions
 a - a potion of magic
 j - a potion of flight {unknown}


   Skills:
 + Level 2.1 Dodging
 * Level 3.0 Stealth
 * Level 2.3 Spellcasting
 + Level 1.0 Transmutations
 * Level 3.5 Earth Magic


You had 4 spell levels left.
You knew the following spells:

 Your Spells              Type           Power      Damage    Failure   Level
a - Sandblast             Erth           28%        2d8       4%          1

Your spell library contained the following spells:

 Spells                   Type           Power      Damage    Failure   Level
 Passwall                 Tmut/Erth      7%         N/A       11%         2
 Stone Arrow              Conj/Erth      16%        3d8       26%         3
 Petrify                  Tmut/Erth      9%         N/A       58%         4


Dungeon Overview and Level Annotations

Branches:
Dungeon (2/15)

Altars:

Annotations:
D:1 Terence


Innate Abilities, Weirdness & Mutations

You cannot wear most types of armour.
You are amphibious.
You can wear up to eight rings at the same time.
Your skin changes colour to match your surroundings (Stealth+).
Your rubbery body absorbs attacks. (AC +1, EV +1)
((You are camouflaged when in or above water. (Stealth+)))
You have tentacles for arms and can constrict up to eight enemies at once.


Message History

The blast of sand hits Terence but does no damage.
Terence shouts!
A quokka comes into view.
The blast of sand hits Terence.
Terence is lightly wounded.
Terence says, "You're history."
A kobold comes into view. It is wielding a +0 short sword.
The blast of sand hits Terence but does no damage.
Terence is lightly wounded.
The kobold shouts!
Terence hits you with a +0 falchion. The quokka misses you.
Terence hits you with a +0 falchion.
You climb upwards.
There is a stone staircase leading down here.
Terence attacks as you move away! Terence hits you with a +0 falchion.
The quokka barely misses you. The quokka closely misses you.
You see here 8 stones.
The quokka attacks as you move away! The quokka misses you.
The quokka attacks as you move away! The quokka bites you.
The quokka bites you.
The blast of sand hits the quokka!
You kill the quokka!
Terence says, "Don't bother to defend, it's useless."
Okay, then.
As you read the scroll labelled ENIALIURAL, it crumbles to dust.
You assume a fearsome visage.
Terence looks frightened!
It was a scroll of fear.
The blast of sand hits Terence but does no damage.
Terence is lightly wounded.
Your attack snaps Terence out of his fear.
The blast of sand hits Terence but does no damage.
Terence is lightly wounded.
Terence completely misses you. Terence hits you with a +0 falchion!
* * * LOW HITPOINT WARNING * * *
You are too injured to fight recklessly!
As you read the scroll labelled HICEFUYX HAMEE, it crumbles to dust.
A profound silence engulfs you.
It was a scroll of silence.
Terence hits you with a +0 falchion!
You die...

#....##.......##.#..#
..##########..##.#.##
#...........).##.#.#
##.(........รท....#.#
#............##...#
##.........)..##.###
#.............##.#
..............##.#
.#............##@##
.#............#.@.#
##.[..........#...#
############......#
.# #......##..#)..#
.# #..........#...#
.# #..........#...#
.###..........#..##
...............(.#


You could see Terence.

Vanquished Creatures
  2 ball pythons (D:1)
  3 endoplasms (D:1)
  3 goblins (D:1)
  4 jackals (D:1)
  2 kobolds (D:1)
  2 quokkas (D:1)
  A rat (D:1)
17 creatures vanquished.

Notes
Turn   | Place    | Note
-------+----------+-------------------------------------------
     0 | D:1      | Arzdou the Octopode Earth Elementalist began the quest for
                  | the Orb.
     0 | D:1      | Reached XP level 1. HP: 11/11 MP: 3/3
   133 | D:1      | Reached XP level 2. HP: 17/17 MP: 0/5
   620 | D:2      | Noticed Terence
   640 | D:1      | Slain by Terence

Illustrated notes

Levels and vault maps discovered:
D:1:      ncdulo_halloftheorcs, layout_rooms
D:2:      layout_rooms, basic_altar, nicolae_elevator_lobby_asterisk,
          uniq_terence, uniq_sigmund

Skill      XL: |  1 |
---------------+----+-----
Stealth        | 3 |  3.0
Dodging        | |  2.1
Spellcasting   | |  2.3
Transmutations | |  1.0
Earth Magic    | |  3.5

Action                     || total
---------------------------++-------
   Cast: Sandblast         ||    26
    Use: Scroll            ||     2
  Dodge: Dodged            ||     6

Table legend: (Time is in decaauts)
 A = Elapsed time spent in this place.
 B = Non-inter-level travel time spent in this place.
 C = Inter-level travel time spent in this place.
 D = Time resting spent in this place.
 E = Time spent auto-exploring this place.
 F = Levels seen in this place.
 G = Mean time per level.
                   A        B        C        D        E       F      G
               +--------+--------+--------+--------+--------+-----+--------+
         Total |    652 |    617 |     35 |     13 |    459 |   2 |  326.0 |
       Dungeon |    652 |    617 |     35 |     13 |    459 |   2 |  326.0 |
               +--------+--------+--------+--------+--------+-----+--------+

Top non-repeatable levels by time:
     D:1: 646 daAuts
     D:2: 6 daAuts
